 Dungeon Crawl Stone Soup version 0.23.1 (webtiles) character file.

Game seed: 0

26548 OdinFK the Eclecticist (level 12, 0/62 HPs)
             Began as a Deep Elf Fire Elementalist on Mar 5, 2019.
             Was a High Priest of Vehumet.
             Slain by a flying skull (5 damage)
             ... in a Gauntlet.
             The game lasted 01:41:24 (16583 turns).

OdinFK the Eclecticist (DEFE)                      Turns: 16583, Time: 01:41:25

Health: 0/62       AC:  7    Str:  5    XL:     12   Next: 99%
Magic:  41/42      EV: 17    Int: 30    God:    Vehumet [*****.]
Gold:   1441       SH:  0    Dex: 15    Spells: 8/41 levels left

rFire    + + .     SeeInvis .   p - staff of wizardry
rCold    + . .     Gourm    .   (no shield)
rNeg     . . .     Faith    +   L - +0 steam dragon scales
rPois    +         Spirit   .   E - +0 helmet
rElec    +         Reflect  .   m - +0 cloak
rCorr    +         Harm     .   (no gloves)
MR       +....     NoTele   +   (no boots)
Stlth    ++........             f - amulet of faith
HPRegen  0.20/turn              P - ring of Xotav {rF+ Int+4 Slay+5 Stlth+}
MPRegen  0.28/turn              M - ring of magical power

@: confused, resistant
A: no striking features
a: Renounce Religion


You were in a Gauntlet.
You worshipped Vehumet.
Vehumet was extremely pleased with you.
You were not hungry.

You visited 3 branches of the dungeon, and saw 14 of its levels.
You also visited: Ossuary, Gauntlet, Ice Cave and Volcano.

You collected 1441 gold pieces.

Inventory:

Hand Weapons
 g - a +2 dagger
Armour
 m - a +0 cloak (worn)
 E - a +0 helmet (worn)
 L - +0 steam dragon scales (worn)
Magical Staves
 p - an uncursed staff of wizardry (weapon)
Jewellery
 a - a cursed amulet of inaccuracy {unknown}
 f - an amulet of faith (around neck)
 H - a +1 ring of protection
 M - a ring of magical power (right hand)
 N - an uncursed ring of flight
 O - a +4 amulet of reflection {unknown}
 P - the ring of Xotav (left hand) {rF+ Int+4 Slay+5 Stlth+}
   (You found it in an ice cave)

   [ring of stealth]

   It affects your intelligence (+4).
   It affects your accuracy and damage with ranged weapons and melee attacks
   (+5).
   It protects you from fire.
   It makes you more stealthy.
 Q - an uncursed ring of see invisible {unknown}
Wands
 k - a wand of iceblast (26)
 x - a wand of clouds (5)
 A - a wand of random effects (12)
 D - a wand of acid (13)
 J - a wand of polymorph (4)
 K - a wand of disintegration (34)
Scrolls
 d - 8 scrolls of teleportation
 e - 4 scrolls of remove curse
 h - a scroll of fog
 j - a scroll of fear
 l - 4 scrolls of amnesia
 q - a scroll of enchant weapon
 r - a scroll of summoning {unknown}
 s - a scroll of brand weapon
 t - 2 scrolls of magic mapping
 w - a scroll of random uselessness {unknown}
 y - 2 scrolls of blinking
 G - 3 scrolls of enchant armour {unknown}
Potions
 b - 3 potions of haste
 i - 9 potions of curing
 n - 2 potions of mutation
 o - a potion of ambrosia
 v - 3 potions of brilliance
 z - 4 potions of lignification
 C - a potion of might
Comestibles
 c - 22 rations
 R - 5 chunks of flesh


   Skills:
 + Level 2.2 Fighting
 + Level 2.9 Short Blades
 + Level 1.4 Staves
 + Level 7.3 Dodging
 - Level 2.4 Stealth
 + Level 15.4 Spellcasting
 + Level 13.0 Conjurations
 + Level 11.7 Fire Magic
 + Level 1.3 Air Magic
 + Level 5.0 Earth Magic
 + Level 2.1 Evocations


You had 8 spell levels left.
You knew the following spells:

 Your Spells              Type           Power        Failure   Level  Hunger
a - Flame Tongue          Conj/Fire      #####        0%          1    None
b - Throw Flame           Conj/Fire      ######       0%          2    None
c - Conjure Flame         Conj/Fire      #######.     1%          3    None
d - Sticky Flame          Conj/Fire      #######.     1%          4    None
e - Fireball              Conj/Fire      #######...   1%          5    None
f - Lightning Bolt        Conj/Air       ######....   1%          5    None
g - Iron Shot             Conj/Erth      ######....   1%          6    ###....
h - Orb of Destruction    Conj           #######...   1%          7    #####..

Your spell library contained the following spells:

 Spells                   Type           Power        Failure   Level  Hunger
 Magic Dart               Conj           ####         0%          1    None
 Beastly Appendage        Tmut           ###...       1%          1    None
 Shock                    Conj/Air       ####         1%          1    None
 Blink                    Tloc           N/A          1%          2    None
 Call Imp                 Summ           ###.....     1%          2    None
 Slow                     Hex            ###.....     1%          2    None
 Sticks to Snakes         Tmut           ###.....     1%          2    None
 Swiftness                Chrm/Air       ####....     1%          2    None
 Inner Flame              Hex/Fire       ######..     1%          3    None
 Mephitic Cloud           Conj/Pois/Air  ######..     1%          3    None
 Static Discharge         Conj/Air       ######..     1%          3    None
 Airstrike                Air            ####......   1%          4    None
 Spider Form              Tmut/Pois      ###.......   2%          3    None
 Ice Form                 Ice/Tmut       ###.....     9%          4    None
 Blade Hands              Tmut           ###.......   22%         5    None


Dungeon Overview and Level Annotations

Branches:
Dungeon (11/15)            Temple (1/1) D:4            Lair (2/6) D:11
 Spider (0/4) Lair:2          Orc (0/2) D:9
  Swamp: Lair:2-4    Shoals: Lair:2-4

Altars:
Ashenzari
Cheibriados
Dithmenos
Elyvilon
Fedhas
Gozag
Hepliaklqana
Kikubaaqudgha
Makhleb
Nemelex Xobeh
Okawaru
Qazlal
Ru
Sif Muna
Trog
Uskayaw
Vehumet
Wu Jian
Xom
Yredelemnul
Zin
The Shining One

Annotations:
Lair:2 1 runed translucent door, Acheron's ghost, journeyman HuWn Gauntlet 6 transporters, 3 runed translucent doors


Message History

The flying skull hits you but does no damage.
The flying skull completely misses you. The flying skull misses you.
The flying skull hits you!
* * * LOW HITPOINT WARNING * * *
The flying skull misses you. The flying skull hits you.
* * * LOW HITPOINT WARNING * * *
The flying skull hits you.
* * * LOW HITPOINT WARNING * * *
The flying skull misses you.
Unknown command.
The flying skull misses you. The flying skull barely misses you.
The flying skull closely misses you. The flying skull hits you.
* * * LOW HITPOINT WARNING * * *
The flying skull misses you. x2
The flying skull hits you!
* * * LOW HITPOINT WARNING * * *
The flying skull hits you.
* * * LOW HITPOINT WARNING * * *
The flying skull hits you.
You die...

#).z8zzz#...#..[.##.#
#.z8#8zz#.⌠.#.......#
#########...#########
....#.....⌠.#........
#########...#########
#.......#.⌠.#gg.....#
#[.#....#...#gx.....# #.
##zz.#.⌠.###+##### #
#@#.z#©.©#©.+...©#
#≈.#!.z###z#######+.##.#
≈≈.#!.. #..#...#..#. #.#
#≈.#.......#.⌠.#"!#....#
##.#########...#########
#≈......................
≈≈≈#≈≈≈#≈≈≈#≈≈≈#≈≈≈#≈≈≈#
#≈###≈###≈###≈###≈###≈##


You could see 5 flying skulls.

Vanquished Creatures
  3 hydras
  2 ice dragons (IceCv)
  Erica (D:8)
  A two-headed ogre (D:10)
  A death yak (D:11)
  A wizard (D:11)
  Pikel (D:7)
  A wolf spider (D:11)
  An ugly thing (D:9)
  A cyclops (D:11)
  A salamander (Volcano)
  2 ice statues (IceCv)
  2 spiny frogs (Lair:1)
  A centaur skeleton (D:10)
  4 komodo dragons (Lair:1)
  2 rime drakes (IceCv)
  A meliai (D:9)
  2 hornets
  Grinder (D:6)
  A raiju (Gauntlet)
  2 hippogriffs
  4 flying skulls (Gauntlet)
  A wyvern (Lair:2)
  A basilisk (D:11)
  11 yaks
  3 steam dragons
  Eustachio (D:4)
  3 swamp worms (Gauntlet)
  2 soldier ants (D:10)
  An acid dragon (D:11)
  2 water moccasins
  7 orc warriors
  17 ice beasts
  Purgy (D:4)
  7 porcupines
  3 eyes of draining (D:9)
  2 black bears (D:11)
  2 sky beasts
  A slave (D:7)
  7 ogres
  3 phantoms
  6 wolves (D:11)
  9 centaurs
  6 crocodiles
  2 big kobolds (D:6)
  A gnoll sergeant (D:8)
  9 bullfrogs
  A water moccasin zombie (D:7)
  A wyvern skeleton (D:11)
  6 scorpions
  5 killer bees (D:10)
  5 howler monkeys
  8 wights
  An electric eel (D:10)
  2 bullfrog zombies
  2 centaur zombies
  7 crimson imps
  4 jellies (D:6)
  10 hounds
  11 orc wizards
  A quasit (D:9)
  6 orc priests
  A bullfrog skeleton (D:3)
  2 iguanas
  Jessica (D:2)
  Terence (D:1)
  Natasha (thrice) (D:2)
  A hell rat (D:11)
  9 worker ants
  A killer bee zombie (D:8)
  A hound zombie (D:8)
  A hound skeleton (D:10)
  12 mummies (Ossuary)
  A howler monkey zombie (D:11)
  Robin (D:2)
  9 gnolls
  11 adders
  A howler monkey skeleton (D:11)
  2 river rats (D:11)
  3 shadow imps
  4 oozes (D:6)
  An adder skeleton (D:8)
  3 worms
  5 leopard geckos
  36 orcs
  8 giant cockroaches
  21 goblins
  18 hobgoblins
  27 jackals
  12 kobolds
  6 quokkas
  4 ball pythons
  13 bats
  7 frilled lizards
  3 goblin skeletons (Ossuary)
  A jackal skeleton (D:3)
  5 orc skeletons (Ossuary)
  11 rats
  11 rat skeletons (Ossuary)
  A fungus (Lair:1)
472 creatures vanquished.

Vanquished Creatures (others)
  A jackal (D:7)
  8 fungi (D:6)
  6 toadstools (D:6)
15 creatures vanquished.

Grand Total: 487 creatures vanquished

Notes
Turn   | Place    | Note
-------+----------+-------------------------------------------
     0 | D:1      | OdinFK the Deep Elf Fire Elementalist began the quest for
                  | the Orb.
     0 | D:1      | Reached XP level 1. HP: 10/10 MP: 6/6
   228 | D:1      | Reached XP level 2. HP: 13/15 MP: 5/8
   232 | D:1      | Learned a level 2 spell: Throw Flame
   618 | D:2      | Reached XP level 3. HP: 19/19 MP: 4/9
   623 | D:2      | Learned a level 3 spell: Conjure Flame
   850 | D:2      | Noticed Robin
   866 | D:2      | Killed Robin
   946 | D:2      | Noticed Jessica
   967 | D:2      | Killed Jessica
   967 | D:2      | Reached skill level 4 in Spellcasting
   967 | D:2      | Reached XP level 4. HP: 11/24 MP: 0/12
   973 | D:2      | Learned a level 4 spell: Sticky Flame
  1215 | D:2      | Noticed Natasha
  1222 | D:2      | Killed Natasha
  1382 | D:2      | Noticed Terence
  1417 | D:2      | Noticed Natasha
  1462 | D:1      | Killed Terence
  1462 | D:1      | Reached XP level 5. HP: 20/28 MP: 0/13
  1547 | D:2      | Killed Natasha
  1572 | D:2      | Noticed Natasha
  1575 | D:2      | Killed Natasha
  2097 | D:3      | Reached skill level 5 in Fire Magic
  2251 | D:3      | Reached XP level 6. HP: 20/33 MP: 0/15
  2317 | D:3      | Found a bloodstained altar of Trog.
  2617 | D:3      | Reached skill level 5 in Spellcasting
  3290 | D:4      | Found a sand-covered staircase.
  3309 | D:4      | Learned a level 5 spell: Fireball
  3313 | Ossuary  | Entered an ossuary
  3485 | Ossuary  | Reached XP level 7. HP: 37/37 MP: 6/17
  3509 | Ossuary  | Reached skill level 5 in Conjurations
  3959 | D:4      | Noticed Eustachio
  3990 | D:5      | Entered Level 5 of the Dungeon
  4279 | D:4      | Noticed Purgy
  4284 | D:4      | Killed Purgy
  4284 | D:4      | Reached skill level 1 in Fighting
  4284 | D:4      | Reached skill level 6 in Spellcasting
  4349 | D:4      | Found a sacrificial altar of Ru.
  4558 | D:4      | Killed Eustachio
  4652 | D:4      | Reached XP level 8. HP: 43/43 MP: 9/19
  4662 | D:4      | Found a staircase to the Ecumenical Temple.
  4678 | Temple   | Entered the Ecumenical Temple
  5097 | D:5      | Reached skill level 1 in Short Blades
  5133 | D:5      | Found a stormy altar of Qazlal.
  5220 | D:5      | Reached skill level 7 in Spellcasting
  5229 | D:5      | Learned a level 5 spell: Lightning Bolt
  5265 | D:5      | Found a radiant altar of Vehumet.
  5269 | D:5      | Found a sparkling altar of Nemelex Xobeh.
  5275 | D:5      | Became a worshipper of Vehumet
  5280 | D:5      | Found a deep blue altar of Sif Muna.
  5281 | D:5      | Found a hazy altar of Hepliaklqana.
  5334 | D:5      | Found a glowing golden altar of the Shining One.
  5918 | D:6      | Noticed Grinder
  5926 | D:6      | Killed Grinder
  6022 | D:6      | Reached skill level 5 in Dodging
  6022 | D:6      | Reached skill level 8 in Spellcasting
  6136 | D:6      | Reached XP level 9. HP: 47/47 MP: 0/23
  6373 | D:6      | Reached * piety under Vehumet
  6373 | D:6      | Offered knowledge of Sting by Vehumet.
  6380 | D:6      | Found an iron altar of Okawaru.
  7346 | D:7      | Noticed Pikel
  7362 | D:7      | Killed Pikel
  7362 | D:7      | Reached skill level 9 in Spellcasting
  7765 | D:7      | Reached ** piety under Vehumet
  7765 | D:7      | Offered knowledge of Freeze by Vehumet.
  7863 | D:7      | Reached skill level 10 in Spellcasting
  8220 | D:8      | Found a stormy altar of Qazlal.
  8221 | D:8      | Found an ornate altar of the Wu Jian Council.
  8310 | D:8      | Reached XP level 10. HP: 43/53 MP: 3/26
  8520 | D:8      | Noticed Erica
  8543 | D:8      | Killed Erica
  8543 | D:8      | Reached skill level 11 in Spellcasting
  8830 | D:7      | Offered knowledge of Mephitic Cloud by Vehumet.
  8990 | D:8      | HP: 2/53 [gnoll sergeant/+3 spear of piercing (2)]
  9103 | D:8      | Reached skill level 1 in Air Magic
  9272 | D:8      | Reached *** piety under Vehumet
  9666 | D:9      | Reached skill level 1 in Evocations
  9791 | D:9      | Noticed a green ugly thing
  9806 | D:9      | Killed a green ugly thing
  9936 | D:9      | Offered knowledge of Force Lance by Vehumet.
  9950 | D:9      | Reached skill level 12 in Spellcasting
  9959 | D:9      | Identified the +7 scimitar of Inuinit {slice, MR+}
 10546 | D:9      | Reached skill level 10 in Conjurations
 10792 | D:9      | Found a staircase to the Orcish Mines.
 11040 | D:10     | Entered Level 10 of the Dungeon
 11040 | D:10     | Noticed a two-headed ogre
 11075 | D:10     | Noticed a five-headed hydra
 11213 | D:9      | Reached XP level 11. HP: 57/57 MP: 22/29
 11251 | D:9      | Reached **** piety under Vehumet
 11496 | D:10     | Offered knowledge of Ignite Poison by Vehumet.
 11659 | D:10     | Killed a two-headed ogre
 12067 | D:10     | Reached skill level 13 in Spellcasting
 12179 | D:10     | Reached skill level 10 in Fire Magic
 12277 | D:11     | Reached ***** piety under Vehumet
 12278 | D:11     | Offered knowledge of Iron Shot by Vehumet.
 12409 | D:11     | Noticed a death yak
 12409 | D:11     | Noticed a death yak
 12595 | D:11     | Found a staircase to the Lair.
 12713 | D:11     | Noticed a death yak
 12758 | D:11     | Killed a death yak
 12888 | D:10     | Killed a five-headed hydra
 12950 | D:11     | Learned a level 6 spell: Iron Shot
 13042 | D:11     | Reached skill level 1 in Earth Magic
 13103 | D:11     | Noticed a wolf spider
 13131 | D:11     | Killed a wolf spider
 13344 | D:11     | Noticed a five-headed hydra
 13569 | D:11     | Found an iron altar of Okawaru.
 13665 | D:11     | Noticed a wizard
 13671 | D:11     | Killed a wizard
 13671 | D:11     | Reached XP level 12. HP: 20/62 MP: 20/31
 13824 | Lair:1   | Entered Level 1 of the Lair of Beasts
 13960 | D:11     | Killed a five-headed hydra
 13960 | D:11     | Reached skill level 14 in Spellcasting
 14079 | Lair:1   | Found a dark tunnel.
 14108 | Volcano  | Entered a volcano
 14162 | Lair:1   | Noticed a six-headed hydra
 14177 | Lair:1   | Killed a six-headed hydra
 14448 | Lair:1   | Found a frozen archway.
 14462 | IceCv    | Entered an ice cave
 14835 | IceCv    | Reached skill level 1 in Staves
 14914 | IceCv    | Noticed an ice dragon
 15099 | IceCv    | Killed an ice dragon
 15102 | IceCv    | Noticed an ice dragon
 15252 | IceCv    | Got a serpentine platinum ring
 15261 | IceCv    | Identified the ring of Xotav {rF+ Int+4 Slay+5 Stlth+} (You
                  | found it in an ice cave)
 15306 | IceCv    | Killed an ice dragon
 15306 | IceCv    | Reached skill level 15 in Spellcasting
 15699 | Lair:1   | Reached skill level 5 in Earth Magic
 16092 | Lair:2   | Found a runed translucent door.
 16102 | Lair:2   | Noticed Acheron's ghost (journeyman HuWn)
 16103 | Lair:2   | Offered knowledge of Orb of Destruction by Vehumet.
 16113 | Lair:2   | Learned a level 7 spell: Orb of Destruction
 16169 | Lair:2   | Found a gate leading to a gauntlet.
 16176 | Gauntlet | Entered a Gauntlet
 16176 | Gauntlet | Found a transporter.
 16176 | Gauntlet | Found a transporter.
 16178 | Gauntlet | Found a transporter.
 16184 | Gauntlet | Found a transporter.
 16184 | Gauntlet | Found a transporter.
 16197 | Gauntlet | Found a transporter.
 16445 | Gauntlet | Found a runed translucent gate.
 16445 | Gauntlet | Found a runed translucent gate.
 16445 | Gauntlet | Found a runed translucent gate.
 16454 | Gauntlet | Found a transporter.
 16454 | Gauntlet | Found a transporter.
 16467 | Gauntlet | Found a transporter.
 16517 | Gauntlet | Found a transporter.
 16520 | Gauntlet | Found a transporter.
 16577 | Gauntlet | HP: 3/62 [flying skull (10)]
 16579 | Gauntlet | HP: 1/62 [flying skull (2)]
 16583 | Gauntlet | Slain by a flying skull

Skill      XL: |  1  2  3  4  5  6  7  8  9 10 11 12 |
---------------+-------------------------------------+-----
Fire Magic     | 4 5 7 8 9 11 | 11.7
Conjurations   | 2 3 4 6 7 9 10 11 13 | 13.0
Spellcasting   | 4 5 6 8 10 12 13 15 | 15.4
Dodging        | 3 4 5 6 7 |  7.3
Fighting       | 1 2 |  2.2
Short Blades   | 1 2 |  2.9
Air Magic      | 1 |  1.3
Evocations     | 1 2 |  2.1
Earth Magic    | 2 5 |  5.0
Staves         | 1 |  1.4
Stealth        | |  2.4

Action                   |  1- 3 |  4- 6 |  7- 9 | 10-12 || total
-------------------------+-------+-------+-------+-------++-------
Melee: Dagger            |    31 |    23 |    75 |       ||   129
       Short sword       |       |       |    16 |    20 ||    36
       Staff             |       |       |       |    13 ||    13
 Cast: Flame Tongue      |    61 |    84 |   127 |   246 ||   518
       Throw Flame       |     9 |    51 |    49 |    62 ||   171
       Sticky Flame      |       |     9 |    42 |   118 ||   169
       Fireball          |       |       |    16 |    73 ||    89
       Conjure Flame     |       |       |     3 |    15 ||    18
       Lightning Bolt    |       |       |     5 |    26 ||    31
       Iron Shot         |       |       |       |     9 ||     9
Evoke: Wand              |       |       |       |    12 ||    12
  Use: Scroll            |       |     7 |     6 |     9 ||    22
       Potion            |       |       |       |    10 ||    10
 Stab: Sleeping          |       |     4 |     6 |     1 ||    11
  Eat: Chunk             |       |    10 |    12 |    34 ||    56
       Ration            |       |       |     3 |       ||     3
Armor: Robe              |     9 |    13 |    52 |     5 ||    79
       Steam dragon scal |       |       |       |    42 ||    42
Dodge: Dodged            |    39 |    41 |   169 |   213 ||   462
